 Dungeon Crawl Stone Soup version 0.27.0-66-gdc8fb28755 (webtiles) character file.

Game seed: 16876213197605494364

23 a11behringer the Ruffian (level 2, 0/23 HPs)
             Began as a Draconian Transmuter on Aug 20, 2021.
             Constricted to death by a ball python (1 damage)
             ... on level 2 of the Dungeon.
             The game lasted 00:07:35 (684 turns).

a11behringer the Ruffian (Draconian Transmuter)      Turns: 684, Time: 00:07:36

Health: 0/23       AC:  4    Str: 12    XL:     2   Next: 72%
Magic:  4/5        EV:  9    Int: 13    God:
Gold:   3          SH:  0    Dex: 11    Spells: 4/5 levels left

rFire    . . .     SeeInvis .     - Unarmed
rCold    . . .     Faith    .   (no shield)
rNeg     . . .     Spirit   .   (armour unavailable)
rPois    .         Reflect  .   (helmet restricted)
rElec    .         Harm     .   (no cloak)
rCorr    .         Rampage  .   (no gloves)
Will     .....                  (no boots)
Stlth    +.........             (no amulet)
HPRegen  0.07/turn              d - ring of flight
MPRegen  0.09/turn              (no ring)

@: flying, very slightly contaminated, constricted
A: AC +4, unfitting armour, cold-blooded
a: no special abilities


You were on level 2 of the Dungeon.
You visited 1 branch of the dungeon, and saw 2 of its levels.

You collected 3 gold pieces.

Inventory:

Hand Weapons
 a - a +0 hunting sling
Armour
 c - a +0 robe
Magical Staves
 b - a staff of air
 g - a staff of cold
Jewellery
 d - a ring of flight (left hand)
Scrolls
 e - a scroll of enchant armour {unknown}
 f - a scroll of brand weapon {unknown}


   Skills:
 + Level 1.1 Fighting
 + Level 2.0 Dodging
 + Level 3.7 Unarmed Combat
 + Level 2.1 Spellcasting
 + Level 2.0 Transmutations


You had 4 spell levels left.
You knew the following spells:

 Your Spells              Type           Power      Damage    Failure   Level
a - Beastly Appendage     Tmut           12%        N/A       11%         1

Your spell library contained the following spells:

 Spells                   Type           Power      Damage    Failure   Level
 Wereblood                Tmut           6%         N/A       17%         2
 Spider Form              Tmut/Pois      2%         N/A       45%         3
 Ice Form                 Ice/Tmut       4%         N/A       86%         4


Dungeon Overview and Level Annotations

Branches:
Dungeon (1/15)

Altars:


Innate Abilities, Weirdness & Mutations

Your plain brown scales are hard. (AC +4)
You cannot fit into any form of body armour.
You are cold-blooded and may be slowed by cold attacks.


Message History

The adder bites you.
You barely miss the worm. You tail-slap the worm.
The worm is severely wounded.
The ball python bites you. The ball python closely misses you.
The adder barely misses you. The worm barely misses you.
You hit the worm.
The worm is almost dead.
The ball python bites you. The ball python closely misses you.
The adder bites you.
You are poisoned.
The adder poisons you! The worm bites you but does no damage.
The ball python bites you but does no damage.
The ball python closely misses you.
Casting: Beastly Appendage (safe; 11% risk of failure)
Press: ? - help, Q - select action Dir - look around, f - activate You miscast Beastly Appendage.
You are very lightly contaminated with residual magic.
Nothing appears to happen.
You feel sick. The adder bites you but does no damage.
The ball python bites you but does no damage.
The ball python closely misses you. The adder bites you.
You hit the worm.
The worm is almost dead.
You feel sick. The ball python barely misses you. The ball python grabs you.
The ball python constricts you. The adder bites you. The worm bites you.
* * * LOW HITPOINT WARNING * * *
You barely miss the worm.
The worm is almost dead.
You feel sick. The adder bites you but does no damage.
The ball python bites you but does no damage.
The ball python constricts you.
You hit the worm.
The worm is almost dead.
You feel sick.
You are no longer poisoned.
The adder bites you.
* * * LOW HITPOINT WARNING * * *
The ball python bites you but does no damage.
The ball python constricts you.
You die...

#######
#.....#
#....$#
#.....###
#.......#
#$......#
#..@w...#
#.SS....#
#..........
##.#....###
#.#....#
....<..#
..#....#
...#....#


You could see a worm, an adder and a ball python.

Vanquished Creatures
  2 dart slugs (D:1)
  An endoplasm (D:1)
  3 hobgoblins (D:1)
  A quokka (D:1)
  A ball python (D:1)
  2 bats (D:1)
  3 frilled lizards (D:1)
  3 kobolds (D:1)
  4 rats (D:1)
20 creatures vanquished.

Notes
Turn   | Place    | Note
-------+----------+-------------------------------------------
     0 | D:1      | a11behringer the Draconian Transmuter began the quest for
                  | the Orb.
     0 | D:1      | Reached XP level 1. HP: 16/16 MP: 3/3
   247 | D:1      | Reached XP level 2. HP: 23/23 MP: 3/5
   517 | D:1      | Found a faded altar of an unknown god.
   673 | D:1      | You are sucked into a shaft and drop 1 floor!
   684 | D:2      | HP: 1/23 [adder (1)]
   684 | D:2      | Constricted to death by a ball python

Illustrated notes

Levels and vault maps discovered:
D:1:      dpeg_arrival_three_same_balls, layout_basic,
          dilly_ecumenical_altar_fadedgnrine
D:2:      layout_basic, serial_glass, glass_columns_a, glass_columns_c,
          kennysheep_path_1, uniq_jessica

Skill      XL: |  1 |
---------------+----+-----
Dodging        | 2 |  2.0
Fighting       | |  1.1
Unarmed Combat | |  3.7
Spellcasting   | |  2.1
Transmutations | |  2.0

Action                   || total
-------------------------++-------
Melee: Unarmed           ||    63
       Tailslap          ||     7
       Kick              ||     1
       Punch             ||     1
       Headbutt          ||     1
 Cast: Beastly Appendage ||     1
  Use: Scroll            ||     1
Armor: Skin              ||    22
Dodge: Dodged            ||    42
